Map: Defender's Landing LE

Players

Yata - Winner!

  • Race: Zerg Zerg
  • League: Bronze
  • Spawn Location: 1:00

Padfoot

  • Race: Zerg Zerg
  • League: Silver
  • Spawn Location: 7:00

VOD

Have the link to the VOD?

Description

Time

  • Played on: July 7, 2017, 3:24 p.m.
  • Length: 5:46
Show
View Real Time Build Order
Export as new Build Order

Yata Zerg - Winner!

Build Orders: Hatch First 

Get SALT Encoding   

  12  0:01  Drone  
  13  0:12  Overlord  
  13  0:22  Drone  
  14  0:31  Drone  
  15  0:37  Drone x2  
  17  0:55  Hatchery  
  16  0:58  Drone  
  17  1:06  Drone  
  17  1:11  Extractor  
  17  1:20  Spawning Pool  
  16  1:35  Drone x2  
  16  1:36  Drone  
  19  1:54  Drone  
  19  1:58  Overlord  
  20  2:10  Metabolic Boost  
  20  2:11  Queen  
  20  2:12  Queen  
  24  2:17  Drone  
  24  2:20  Zergling x2  
  24  2:22  Zergling x2  
  27  2:53  Queen  
  29  3:00  Drone x5, Baneling Nest  
  29  3:01  Drone  
  33  3:50  Zergling x6  
  33  3:53  Overlord x2  
  33  3:54  Overlord  
  35  4:05  Zergling x2  
  36  4:15  Drone x3  
  36  4:16  Drone x4  
  43  4:31  Zergling x4  
  44  4:35  Lair  
  45  4:39  Drone  
  46  4:49  Hatchery  
  46  4:51  Zergling x2  
  46  4:52  Zergling x12  
  52  5:03  Pneumatized Carapace  
  52  5:14  Baneling x5  
Show
View Real Time Build Order
Export as new Build Order

Padfoot Zerg 

Build Orders: Hatch First 

Get SALT Encoding   

  12  0:01  Drone  
  13  0:13  Drone  
  14  0:16  Overlord  
  14  0:35  Drone  
  15  0:36  Drone x2  
  17  0:48  Drone  
  18  1:00  Drone  
  18  1:01  Hatchery  
  18  1:14  Drone  
  18  1:17  Spawning Pool  
  18  1:20  Drone  
  19  1:26  Extractor  
  19  1:32  Drone  
  19  1:42  Drone  
  20  1:52  Overlord  
  20  2:09  Drone  
  21  2:22  Drone, Baneling Nest  
  21  2:23  Extractor  
  21  2:25  Drone  
  21  2:26  Drone x2  
  23  2:39  Queen x2  
  27  2:47  Metabolic Boost  
  27  3:01  Drone x4  
  27  3:02  Drone x2  
  33  3:19  Zergling x4  
  34  3:45  Zergling x2  
  34  3:46  Zergling x2  
  35  3:57  Zergling x2  
  35  4:00  Overlord  
  35  4:01  Overlord  
  36  4:13  Lair  
  36  4:24  Drone  
  36  4:25  Drone x9  
  36  4:29  Zergling x2  
  36  4:30  Zergling x4  
  49  4:34  Baneling x3  
  49  4:41  Zergling x4  
Tags
 
Add a new tag
Caveats
  • Supply blocks, unpowered buildings, or Contaminate may cause inaccurate times.
  • Supply counts are checked every 10 seconds.